 Dungeon Crawl Stone Soup version 0.22-a0-247-gbddf880 (webtiles) character file.

112 Firecrotchwizard the Ruffian (level 4, -8/45 HPs)
             Began as a Troll Monk on Feb 25, 2018.
             Killed by nerve-wracking pain
             ... invoked by Grinder
              (12 damage)
             ... while paralysed by Grinder
             ... on level 3 of the Dungeon.
             The game lasted 00:04:08 (2141 turns).

Firecrotchwizard the Ruffian (Troll Monk)           Turns: 2141, Time: 00:04:08

Health: -8/45      AC:  7    Str: 19    XL:     4   Next: 64%
Magic:  12/12      EV:  1    Int:  6    God:
Gold:   225        SH:  0    Dex: 13    Spells: 3/3 levels left

rFire    + . .     SeeInvis .     - Unarmed
rCold    + . .     Gourm    +   (no shield)
rNeg     . . .     Faith    .   e - +2 robe {rC+ rF+}
rPois    .         Spirit   .   (helmet restricted)
rElec    .         Reflect  .   p - scarf {repulsion}
rCorr    .         Harm     .   (gloves unavailable)
MR       .....                  (boots unavailable)
Stlth    ++........             (no amulet)
HPRegen  0.55/turn              d - ring of magical power {MP+9}
MPRegen  0.13/turn              (no ring)

@: paralysed, repel missiles
A: large, unfitting armour, claws 3, fast metabolism 3, gourmand, regeneration
1, shaggy fur 1, tough skin 2
a: no special abilities


You were on level 3 of the Dungeon.
You were completely stuffed.

You visited 1 branch of the dungeon, and saw 3 of its levels.

You collected 225 gold pieces.

Inventory:

Missiles
 j - 3 tomahawks of dispersal {=f}
 q - 8 curare-tipped needles
Armour
 a - a +0 robe
 e - a +2 robe of resistance (worn)
   (You found it on level 1 of the Dungeon)
 l - a cursed -1 cloak
   (You found it on level 2 of the Dungeon)
 p - a scarf of repulsion (worn)
   (You found it on level 3 of the Dungeon)
Jewellery
 d - a ring of magical power (left claw) {MP+9}
   (You found it on level 1 of the Dungeon)
Wands
 h - a wand of flame (34)
   (You found it on level 2 of the Dungeon)
Scrolls
 f - a scroll of immolation {unknown}
 g - a scroll of fog {unknown}
 i - 3 scrolls of identify {unknown}
 k - a scroll of teleportation {unknown}
 r - a scroll of random uselessness {unknown}
Potions
 c - 2 potions of curing {unknown}
 m - a potion of berserk rage {unknown}
 n - a potion of heal wounds {unknown}
 s - a potion of lignification {unknown}
Comestibles
 b - 6 rations {@e1}
 o - 4 chunks of flesh {@w0}


   Skills:
 + Level 3.2 Fighting
 - Level 2.4 Dodging
 - Level 1.0 Stealth
 * Level 4.8 Unarmed Combat


You had 3 spell levels left.
You didn't know any spells.

Dungeon Overview and Level Annotations

Branches:
Dungeon (3/15)

Altars:
Gozag
Yredelemnul

Annotations:
D:3 Grinder


Innate Abilities, Weirdness & Mutations

You are too large for most types of armour.
You have claws for hands.
Your metabolism is lightning-fast.
You like to eat raw meat.
Your natural rate of healing is unusually fast.
You are covered in fur. (AC +1)
You have very tough skin. (AC +2)


Message History

The giant cockroach bites you but does no damage.
You closely miss the giant cockroach.
The giant cockroach bites you but does no damage.
You claw the giant cockroach!
You kill the giant cockroach!
Found an escape hatch in the floor.
An adder comes into view.
You claw the adder! The adder closely misses you.
You scratch the adder.
You kill the adder!
You see here an adder corpse.
Some of the chunks of flesh in your inventory have rotted away.
You see here an adder corpse.
You butcher the adder corpse.
o - 10 chunks of flesh {@w0} (gained 1)
You see here an adder skeleton.
You enter a teleport trap!
The teleport trap disappears.
Your surroundings suddenly seem different.
A kobold comes into view. It is wielding a club.
The helpless kobold fails to defend itself.
You scratch the kobold. The kobold hits you but does no damage.
You closely miss the kobold. You scratch the kobold.
You kill the kobold!
No target in view!
Eating one of 10 chunks of flesh {@w0}.
You eat one of the 10 chunks of flesh {@w0}.
This raw flesh tastes great.
q - 8 curare-tipped needles
Things that are here:
a club; a blowgun
r - a scroll labeled RIUGAI MIUTIW
Found a stone staircase leading up.
MP restored: 12 An orc comes into view. It is wielding a morningstar.
An orc is nearby!
The orc shouts!
You closely miss the orc. You barely miss the orc. The orc barely misses you.
You barely miss the orc. The orc hits you but does no damage.
You claw the orc!
You kill the orc!
No target in view!
Things that are here:
a morningstar; a leather armour; an orc corpse You butcher the orc corpse.
o - 10 chunks of flesh {@w0} (gained 1)
Things that are here:
a morningstar; a leather armour; an orc skeleton
Things that are here:
a morningstar; a leather armour; an orc skeleton Some of the chunks of flesh in your inventory have rotted away.
s - a metallic blue potion
Found a stone staircase leading up.
Found a stone staircase leading down.
Eating one of 8 chunks of flesh {@w0}.
You eat one of the 8 chunks of flesh {@w0}.
This raw flesh tastes great.
There is a stone staircase leading up here.
A kobold comes into view.
A kobold is nearby!
The kobold throws a stone.
The stone closely misses you.
The kobold throws a stone.
The stone is repelled.
The kobold throws a stone.
The stone barely misses you.
You claw the kobold!
You kill the kobold!
No target in view!
Some of the chunks of flesh in your inventory have rotted away.
Grinder shouts!
You hear a shout!
Grinder is too close now for your liking.
Grinder hits you.
You take 1 damage, and have 44/45 hp.
You closely miss Grinder. Grinder hits you.
You take 2 damage, and have 42/45 hp.
You barely miss Grinder. Grinder hits you.
You writhe in agony.
You take 6 damage, and have 36/45 hp.
You scratch Grinder. Grinder hits you.
You take 3 damage, and have 33/45 hp.
You completely miss Grinder. You scratch Grinder. Grinder hits you.
You writhe in agony.
You take 11 damage, and have 23/45 hp.
MASSIVE DAMAGE!!
You claw Grinder! Grinder barely misses you.
You claw Grinder! Grinder barely misses you.
You closely miss Grinder. Grinder gestures at you.
You suddenly lose the ability to move!
Grinder hits you.
You writhe in agony.
Grinder hits you but does no damage. Grinder hits you.
You writhe in agony.
* * * LOW HITPOINT WARNING * * *
A rat comes into view.
The rat moves out of view.
Grinder hits you.
* * * LOW HITPOINT WARNING * * *
You writhe in agony.
* * * LOW HITPOINT WARNING * * *
Grinder gestures at you. Pain shoots through your body!
You die...

#.....PPPPP#.# #..# #
#.........P#.# #..# #
#######)P...P#.######..##########
.....##.P...P....................
.....##.PPPPP..######.#..........
.....#..............#.#..###.#.##
.......#####........#.##.........
.......# #........#.##...#+##..
##.....# ####.@####.##..P# P.
#.....# ##5## #.##...# .. #.....#
#.K.# #.##..P### .. ##.....#
#.#.###.# .....
#......########.#..#..##.....
)............................
#...#..### ####.#.....##..#'#
###...## #..........#..# ###.#
#..........#..#


You could see Grinder and a kobold.

Vanquished Creatures
  4 adders
  An ooze (D:2)
  2 dart slugs (D:1)
  5 leopard geckos
  5 orcs (D:3)
  5 giant cockroaches
  8 hobgoblins
  2 jackals (D:3)
  A ball python (D:1)
  6 bats
  2 frilled lizards (D:2)
  4 goblins
  4 kobolds
  8 rats
  A fungus (D:3)
58 creatures vanquished.

Notes
Turn   | Place    | Note
-------+----------+-------------------------------------------
     0 | D:1      | Firecrotchwizard the Troll Monk began the quest for the Orb.
     0 | D:1      | Reached XP level 1. HP: 22/22 MP: 0/0
   244 | D:1      | Reached XP level 2. HP: 29/29 MP: 1/1
   831 | D:1      | Reached XP level 3. HP: 36/36 MP: 2/2
  1235 | D:2      | Reached skill level 4 in Unarmed Combat
  1389 | D:2      | Found an opulent altar of Gozag.
  1391 | D:2      | Found a basalt altar of Yredelemnul.
  1442 | D:2      | Reached skill level 3 in Fighting
  1790 | D:3      | Reached XP level 4. HP: 45/45 MP: 3/3
  1956 | D:3      | Noticed Grinder
  2136 | D:3      | Paralysed by Grinder for 5 turns
  2139 | D:3      | HP: 11/45 [Grinder (4)]
  2140 | D:3      | HP: 3/45 [Grinder (5)]
  2141 | D:3      | Killed from afar by Grinder

Vault maps used:
D:1:      roderic_octagonal_star, serial_forest, infiniplex_forest_corner_1,
          infiniplex_forest_3_way, infiniplex_forest_clump_long,
          infiniplex_forest_end_2, infiniplex_forest_3_way,
          infiniplex_forest_end_1, infiniplex_forest_lined_2,
          minmay_misc_feat_tower
D:2:      grunt_temple_overflow_open, first_ration
D:3:      corexii_shack_village, minmay_gold_behind_fungi, roderic_batcave,
          kennysheep_generic_room_10, uniq_robin, uniq_grinder

Skill      XL: |  1  2  3 |
---------------+----------+-----
Unarmed Combat | 4 |  4.8
Fighting       | 3 |  3.2
Dodging        | |  2.4
Stealth        | |  1.0

Action                   |  1- 3 |  4- 6 || total
-------------------------+-------+-------++-------
Melee: Unarmed           |   117 |    37 ||   154
       Punch             |       |     1 ||     1
 Stab: Sleeping          |     2 |     2 ||     4
  Eat: Chunk             |    22 |     3 ||    25
Armor: Robe              |    51 |     6 ||    57
Dodge: Dodged            |    52 |    12 ||    64
       Deflected         |       |     1 ||     1

Table legend:
 A = Spawn XP
 B = Non-spawn XP
 C = Spawn XP percentage of total XP
 D = Spawn monster count
 E = Non-spawn monster count
 F = Spawn count percentage of total count
 G = Total turns spent on level
                    A         B        C        D         E        F      G
               +---------+---------+-------+---------+---------+-------+---------
         Total |       0 |     161 |   0.0 |       0 |      57 |   0.0 |  2141
               +---------+---------+-------+---------+---------+-------+---------
           D:1 |       0 |      42 |   0.0 |       0 |      22 |   0.0 |  1085
           D:2 |       0 |      46 |   0.0 |       0 |      18 |   0.0 |   654
           D:3 |       0 |      73 |   0.0 |       0 |      17 |   0.0 |   402
               +---------+---------+-------+---------+---------+-------+---------

Vault maps used:
D:1:      roderic_octagonal_star, serial_forest, infiniplex_forest_corner_1,
          infiniplex_forest_3_way, infiniplex_forest_clump_long,
          infiniplex_forest_end_2, infiniplex_forest_3_way,
          infiniplex_forest_end_1, infiniplex_forest_lined_2,
          minmay_misc_feat_tower
D:2:      grunt_temple_overflow_open, first_ration
D:3:      corexii_shack_village, minmay_gold_behind_fungi, roderic_batcave,
          kennysheep_generic_room_10, uniq_robin, uniq_grinder

Table legend:
 A = Turns spent in this place as a percentage of turns spent in the entire game.
 B = Non-inter-level travel turns spent in this place as a percentage of non-inter-level travel turns spent in the entire game.
 C = Inter-level travel turns spent in this place as a percentage of turns spent in this place.
 D = Turns resting spent in this place as a percentage of non-inter-level travel turns spent in this place.
 E = Turns spent auto-exploring this place as a percentage of non-inter-level travel turns spent in this place.
 F = Non-inter-level travel turns spent in this place divided by the number of levels of this place that you've seen.
                   A       B       C       D       E      F
               +-------+-------+-------+-------+-------+----------------------
         Total | 100.0 | 100.0 |   2.0 |   1.3 |  77.7 | 699.3
       Dungeon | 100.0 | 100.0 |   2.0 |   1.3 |  77.7 | 699.3
               +-------+-------+-------+-------+-------+----------------------

Table legend:
 A = Kills in this place as a percentage of kills in entire the game.
 B = Kills by you in this place as a percentage of kills by you in the entire game.
 C = Kills by friends in this place as a percentage of kills by friends in the entire game.
 D = Other kills in this place as a percentage of other kills in the entire game.
 E = Experience gained in this place as a percentage of experience gained in the entire game.
 F = Experience gained in this place divided by the number of levels of this place that you have seen.
                   A       B       C       D       E      F
               +-------+-------+-------+-------+-------+----------------------
         Total | 100.0 | 100.0 |   N/A |   N/A | 100.0 |  53.7
       Dungeon | 100.0 | 100.0 |   N/A |   N/A | 100.0 |  53.7
               +-------+-------+-------+-------+-------+----------------------
